 Dungeon Crawl Stone Soup version 0.20.1-1-g8b1a95d (webtiles) character file.

4573 Kunitse the Fighter (level 10, -1/64 HPs)
             Began as a Kobold Berserker on Oct 4, 2017.
             Was a High Priest of Trog.
             Slain by a two-headed ogre
             ... wielding a +0 giant club
              (18 damage)
             ... on level 8 of the Dungeon.
             The game lasted 01:17:37 (11006 turns).

Kunitse the Fighter (Kobold Berserker)             Turns: 11006, Time: 01:17:38

Health: -1/64      AC: 17    Str: 19    XL:     10   Next: 68%
Magic:  10/10      EV: 10    Int:  8    God:    Trog [*****.]
Gold:   418        SH: 11    Dex: 14    Spells: 9/9 levels left

rFire    + + .     SeeInvis .   d - +3 spear (flame)
rCold    x . .     Gourm    .   a - +0 shield
rNeg     . . .     Faith    .   k - +3 fire dragon scales
rPois    .         Spirit   .   r - +0 helmet
rElec    .         Reflect  .   C - +2 cloak
rCorr    .         Harm     .   (no gloves)
MR       +++..                  (no boots)
Stlth    ..........             (no amulet)
Regen    0.2/turn               s - ring of protection from magic
MPRegen  0.2/turn               e - ring of protection from magic

@: no status effects
A: carnivore 3, magic resistance 1, mutation resistance 1
a: Berserk, Trog's Hand, Brothers in Arms, Burn Spellbooks, Renounce Religion


You were on level 8 of the Dungeon.
You worshipped Trog.
Trog was extremely pleased with you.
You were not hungry.

You visited 2 branches of the dungeon, and saw 10 of its levels.
You also visited: Ossuary.

You collected 499 gold pieces.
You spent 81 gold pieces at shops.

Inventory:

Hand Weapons
 d - a +3 spear of flaming (weapon)
 o - a +2 vampiric dagger
Missiles
 b - 4 tomahawks (quivered)
 f - 49 arrows
Armour
 a - a +0 shield (worn)
 k - +3 fire dragon scales (worn)
 r - a +0 helmet (worn)
 C - a +2 cloak (worn)
Jewellery
 e - a ring of protection from magic (right hand)
 n - a +1 ring of protection
 s - a ring of protection from magic (left hand)
 t - an uncursed ring of protection from cold
 D - a +5 ring of evasion
Wands
 m - a wand of flame (28/48)
 p - a wand of acid (4/15)
 y - a wand of random effects (31/48)
 E - a wand of disintegration (10/24)
Scrolls
 g - 2 scrolls of blinking
 h - 2 scrolls of remove curse
 l - 10 scrolls of identify
 x - 2 scrolls of teleportation
 F - 2 scrolls of fear
Potions
 j - 2 potions of haste
 q - 3 potions of curing
 v - 2 potions of flight
 z - 3 potions of resistance
 B - a potion of ambrosia
Comestibles
 c - 2 meat rations


   Skills:
 - Level 8.2 Fighting
 - Level 6.6 Short Blades
 + Level 6.2 Polearms
 - Level 6.0 Armour
 - Level 2.4 Dodging
 - Level 0.4 Stealth
 - Level 6.0 Shields


You had 9 spell levels left.
You didn't know any spells.

Dungeon Overview and Level Annotations

Branches:
Dungeon (9/15)             Temple (1/1) D:6            Lair (0/6) D:9
    Orc: D:9-12

Altars:
Ashenzari
Cheibriados
Dithmenos
Elyvilon
Gozag
Hepliaklqana
Kikubaaqudgha
Makhleb
Okawaru
Qazlal
Ru
Sif Muna
Trog
Uskayaw
Vehumet
Xom
Yredelemnul
Zin
The Shining One
Lugonu

Shops:
D:4 (   D:5 =[?   D:8 :


Innate Abilities, Weirdness & Mutations

You are small and have problems with some larger weapons.
You are carnivorous and can eat meat at any time.
You are resistant to hostile enchantments. (MR+)
You are somewhat resistant to further mutation.


Message History

The centaur closely misses you. The centaur hits you.
You puncture the centaur! You burn the centaur.
The centaur is heavily wounded.
You block the centaur's attack.
You block the two-headed ogre's attack. x2
You closely miss the centaur.
The centaur is heavily wounded.
You block the centaur's attack. x2
The two-headed ogre hits you with a giant club!
The two-headed ogre hits you with a giant club!!
You hit the centaur. You burn the centaur.
The centaur is severely wounded.
The centaur hits you but does no damage.
You hit the centaur. You burn the centaur.
You kill the centaur!
Trog accepts your kill. You block the two-headed ogre's attack.
The two-headed ogre hits you with a giant club!
* * * LOW HITPOINT WARNING * * *
The two-headed ogre hits you with a giant club!!
You die...

##### ###########...#
###........##...###
##...>##...[..>....###
#......#.##..........#
###.>......##........#.#
#........#.##.##....(...
#......@###.#.##....##.#
#....(O..#.##.#####.##.#
####..<#........# #.!...
#.(........#.###.##.#
#...##...........##.#
##..###.##..)........
#......##...###.##..
#..####.......#.####
#.............#.....


You could see a two-headed ogre.

Vanquished Creatures
  Grinder (D:4)
  A hippogriff (D:9)
  Sigmund (D:3)
  A spriggan (D:7)
  A wraith (Ossuary)
  2 yaks (D:9)
  4 hungry ghosts
  The ghost of Andry07 the Skirmisher, an amateur GrFi (D:3)
  Edmund (D:5)
  2 porcupines (D:9)
  A water moccasin (D:5)
  An orc warrior (D:6)
  4 ice beasts
  A necrophage (D:9)
  An ogre (D:6)
  2 phantoms
  2 centaurs
  Blork the orc (D:4)
  5 bullfrogs
  3 scorpions
  An electric eel (D:7)
  A quasit (D:8)
  An orc priest (D:5)
  2 bullfrog zombies
  2 jellies (D:8)
  2 bullfrog skeletons
  A hound (D:4)
  An orc wizard (D:6)
  Jessica (D:2)
  6 worker ants
  Terence (D:2)
  A killer bee zombie (D:7)
  2 hound zombies
  A hound skeleton (D:5)
  A mummy (Ossuary)
  Robin (D:3)
  2 adders
  4 gnolls (D:2)
  A howler monkey skeleton (D:8)
  2 shadow imps
  4 adder skeletons
  An adder zombie (D:6)
  5 worms
  2 dart slugs
  3 leopard geckos (D:1)
  14 orcs
  2 ball pythons
  4 giant cockroaches
  14 goblins
  11 hobgoblins
  18 jackals
  8 kobolds
  2 quokkas
  7 bats
  5 frilled lizards
  5 gnoll skeletons (Ossuary)
  7 kobold skeletons (Ossuary)
  13 orc skeletons (Ossuary)
  A quokka skeleton (D:5)
  A quokka zombie (D:5)
  11 rats
  A fungus (D:9)
209 creatures vanquished.

Vanquished Creatures (others)
  An adder (D:7)
  A plant (D:9)
2 creatures vanquished.

Grand Total: 211 creatures vanquished

Notes
Turn   | Place    | Note
-------+----------+-------------------------------------------
     0 | D:1      | Kunitse the Kobold Berserker began the quest for the Orb.
     0 | D:1      | Reached XP level 1. HP: 14/14 MP: 1/1
    67 | D:1      | Reached XP level 2. HP: 15/19 MP: 2/2
   388 | D:1      | Reached XP level 3. HP: 18/23 MP: 3/3
   452 | D:1      | Reached ** piety under Trog
  1217 | D:2      | Found a faded altar of an unknown god.
  1364 | D:2      | Reached XP level 4. HP: 24/28 MP: 4/4
  1530 | D:2      | Noticed Jessica
  1541 | D:2      | Killed Jessica
  1647 | D:2      | Reached XP level 5. HP: 32/32 MP: 5/5
  1724 | D:2      | Noticed Terence
  1748 | D:2      | Killed Terence
  1748 | D:2      | Reached *** piety under Trog
  2328 | D:3      | Noticed Robin
  2357 | D:3      | Killed Robin
  2477 | D:3      | Found an opulent altar of Gozag.
  2490 | D:3      | Noticed Andry07's ghost (amateur GrFi)
  2690 | D:3      | Reached XP level 6. HP: 38/38 MP: 6/6
  3282 | D:3      | Killed Andry07's ghost
  3282 | D:3      | Reached skill level 4 in Fighting
  3356 | D:3      | Noticed Sigmund
  3397 | D:3      | Killed Sigmund
  3397 | D:3      | Reached skill level 5 in Fighting
  3397 | D:3      | Reached XP level 7. HP: 25/44 MP: 7/7
  3904 | D:4      | Noticed Blork the orc
  3916 | D:4      | Killed Blork the orc
  3940 | D:4      | Found Notid's Weapon Shoppe.
  4227 | D:4      | Reached **** piety under Trog
  4415 | D:4      | Noticed Grinder
  4448 | D:4      | Paralysed by Grinder for 7 turns
  5265 | D:4      | Killed Grinder
  5265 | D:4      | Reached XP level 8. HP: 24/51 MP: 8/8
  5426 | D:5      | Entered Level 5 of the Dungeon
  5426 | D:5      | Noticed Edmund
  5446 | D:5      | Killed Edmund
  5446 | D:5      | Reached skill level 6 in Fighting
  5519 | D:5      | Found an opulent altar of Gozag.
  5704 | D:5      | Found a shadowy altar of Dithmenos.
  5745 | D:5      | Found Mekozif's Antique Armour Shoppe.
  5748 | D:5      | Bought a shield for 81 gold pieces
  5770 | D:5      | Reached skill level 5 in Armour
  5811 | D:5      | Reached skill level 5 in Polearms
  5811 | D:5      | Reached skill level 1 in Shields
  5991 | D:5      | Found Paup's Jewellery Boutique.
  6211 | D:5      | Found Wico's Magic Scroll Shoppe.
  6315 | D:5      | Found a glowing golden altar of the Shining One.
  6363 | D:5      | Found a deep blue altar of Sif Muna.
  6830 | D:6      | Reached XP level 9. HP: 54/56 MP: 9/9
  6957 | D:6      | Reached skill level 5 in Shields
  7120 | D:6      | Found a snail-covered altar of Cheibriados.
  7339 | D:6      | Reached skill level 7 in Fighting
  7420 | D:6      | Found a staircase to the Ecumenical Temple.
  7438 | Temple   | Entered the Ecumenical Temple
  7672 | D:6      | Gained mutation: You are somewhat resistant to further mutation. [potion of mutation]
  7672 | D:6      | Gained mutation: You are resistant to hostile enchantments. (MR+) [potion of mutation]
  7833 | D:7      | Reached ***** piety under Trog
  7952 | D:7      | Found a sand-covered staircase.
  7961 | Ossuary  | Entered an ossuary
  8409 | D:7      | Found a shimmering altar of Xom.
  8553 | D:7      | Reached XP level 10. HP: 53/64 MP: 10/10
  8725 | D:7      | Reached skill level 8 in Fighting
  9214 | D:8      | Found Eqaa's Book Shoppe.
 10149 | D:9      | Reached skill level 1 in Short Blades
 10245 | D:9      | Got a tattered robe
 10274 | D:9      | Reached skill level 5 in Short Blades
 10376 | D:9      | Found a hide-covered altar of Uskayaw.
 10377 | D:9      | Found a basalt altar of Yredelemnul.
 10431 | D:9      | Found a staircase to the Lair.
 10821 | D:8      | Noticed a two-headed ogre
 11006 | D:8      | Slain by a two-headed ogre

Skill      XL: |  1  2  3  4  5  6  7  8  9 10 |
---------------+-------------------------------+-----
Polearms       | 3 4 5 6 |  6.2
Armour         | 2 3 4 5 6 |  6.0
Fighting       | 5 6 7 8 |  8.2
Shields        | 3 5 6 |  6.0
Short Blades   | 6 |  6.6
Dodging        | |  2.4
Stealth        | |  0.4

Action                   |  1- 3 |  4- 6 |  7- 9 | 10-12 || total
-------------------------+-------+-------+-------+-------++-------
Melee: Spear             |   123 |   196 |   486 |   266 ||  1071
       Dagger            |       |       |       |    24 ||    24
Invok: Burn Spellbooks   |       |       |     1 |       ||     1
  Use: Scroll            |     3 |     1 |    11 |       ||    15
       Potion            |     2 |     6 |     5 |     5 ||    18
 Stab: Sleeping          |     1 |       |       |       ||     1
  Eat: Chunk             |     8 |     6 |    19 |     4 ||    37
       Meat ration       |       |       |       |     2 ||     2
       Royal jelly       |       |       |       |     1 ||     1
Armor: Animal skin       |    12 |       |       |       ||    12
       Fire dragon scale |    12 |    63 |   147 |   109 ||   331
       Ring mail         |     1 |       |       |       ||     1
Dodge: Dodged            |    91 |    94 |   306 |    68 ||   559
Block: Shield            |       |       |   224 |   115 ||   339
